 Dungeon Crawl Stone Soup version 0.21-a0-426-g98080a9 (webtiles) character file.

296 mastercheaf21 the Covert (level 6, -2/41 HPs)
             Began as an Octopode Assassin on Nov 7, 2017.
             Slain by Gaball's ghost (6 damage)
             ... on level 4 of the Dungeon.
             The game lasted 00:07:09 (2757 turns).

mastercheaf21 the Covert (Octopode Assassin)        Turns: 2757, Time: 00:07:10

Health: -2/41      AC:  1    Str: 10    XL:     6   Next: 34%
Magic:  6/6        EV: 14    Int: 14    God:
Gold:   59         SH:  0    Dex: 15    Spells: 5/5 levels left

rFire    . . .     SeeInvis .   a - +2 dagger
rCold    . . .     Gourm    .   (no shield)
rNeg     . . .     Faith    .   (helmet restricted)
rPois    .         Spirit   .   (no amulet)
rElec    .         Reflect  .   (no ring)
rCorr    .         Harm     .   (no ring)
MR       .....                  (no ring)
Stlth    +++++.....             (no ring)
HPRegen  0.13/turn              (no ring)
MPRegen  0.10/turn              (no ring)
                                (no ring)
                                (no ring)

@: no status effects
A: almost no armour, stealthy swim, amphibious, 8 rings, constrict 8, camouflage
1, gelatinous body 1
a: no special abilities


You were on level 4 of the Dungeon.
You were hungry.

You visited 1 branch of the dungeon, and saw 3 of its levels.

You collected 59 gold pieces.

Inventory:

Hand Weapons
 a - a +2 dagger (weapon)
 b - a +0 blowgun
 e - a +0 hunting sling
Missiles
 c - 8 poisoned needles
 d - 2 curare-tipped needles
 l - 7 tomahawks (quivered)
Scrolls
 g - 2 scrolls of remove curse {unknown}
 h - a scroll of recharging {unknown}
 j - a scroll of teleportation {unknown}
 k - a scroll of blinking {unknown}
 m - 2 scrolls of identify {unknown}
 n - a scroll of immolation {unknown}
 s - a scroll of noise {unknown}
Potions
 o - a potion of degeneration {unknown}
 q - a potion of curing {unknown}
Books
 p - a book of Cantrips

   Spells                             Type                      Level
   a - Confusing Touch                Hexes                        1
   b - Animate Skeleton               Necromancy                   1
   c - Summon Small Mammal            Summoning                    1
   d - Apportation                    Translocation                1
Comestibles
 f - 2 bread rations
 i - 2 meat rations
 r - a fruit


   Skills:
 + Level 2.6 Fighting
 + Level 3.8 Short Blades
 + Level 2.1 Throwing
 + Level 2.3 Dodging
 + Level 8.1 Stealth


You had 5 spell levels left.
You didn't know any spells.

Dungeon Overview and Level Annotations

Branches:
Dungeon (2/15)

Altars:
Cheibriados
Makhleb
Qazlal
Trog
Vehumet
Wu Jian
Yredelemnul
The Shining One

Annotations:
D:4 Gaball's ghost, amateur DEHu


Innate Abilities, Weirdness & Mutations

You cannot wear most types of armour.
You are very stealthy in the water. (Stealth+)
You are amphibious.
You can wear up to eight rings at the same time.
You can use your tentacles to constrict eight enemies at once.
Your skin changes colour to match your surroundings (Stealth+).
Your rubbery body absorbs attacks. (AC +1, EV +1)


Message History

You squeeze Gaball's ghost, but do no damage.
Gaball's ghost is severely damaged.
Gaball's ghost closely misses you.
You closely miss Gaball's ghost.
Gaball's ghost is severely damaged.
Gaball's ghost barely misses you.
You hit Gaball's ghost.
Gaball's ghost is almost destroyed.
You hit Gaball's ghost. Your squeeze misses Gaball's ghost.
Gaball's ghost is almost destroyed.
Gaball's ghost hits you.
* * * LOW HITPOINT WARNING * * *
You miss Gaball's ghost.
Gaball's ghost is almost destroyed.
Gaball's ghost hits you.
* * * LOW HITPOINT WARNING * * *
You hit Gaball's ghost.
Gaball's ghost is almost destroyed.
Gaball's ghost hits you.
You die...

### ..# #.#
######.###########
##................#####
......W.......#.#.....
.....##@#####[......####
..>..............#......
##...........#......#.#
#..###.#......#.#.#.#
....###.#.#.#.##.#..## #
........<.....##.#.#####
# #.##.##.#.#..#.#...)..
#. #......#.####### ..
###.##.#.# #.


You could see Gaball's ghost.

Vanquished Creatures
  An ogre (D:4)
  A hound (D:4)
  A centaur skeleton (D:4)
  An iguana (D:4)
  2 worker ants (D:4)
  4 adders
  An ooze (D:2)
  2 worms (D:4)
  A dart slug (D:1)
  4 leopard geckos
  2 giant cockroaches (D:2)
  2 goblins (D:2)
  2 hobgoblins
  4 jackals (D:2)
  A quokka (D:2)
  5 bats
  2 frilled lizards
  3 kobolds
  A rat (D:1)
40 creatures vanquished.

Notes
Turn   | Place    | Note
-------+----------+-------------------------------------------
     0 | D:1      | mastercheaf21 the Octopode Assassin began the quest for the Orb.
     0 | D:1      | Reached XP level 1. HP: 14/14 MP: 1/1
   234 | D:1      | Reached skill level 6 in Stealth
   234 | D:1      | Reached XP level 2. HP: 5/19 MP: 2/2
   516 | D:1      | Found a snail-covered altar of Cheibriados.
  1077 | D:2      | Reached XP level 3. HP: 16/24 MP: 3/3
  1564 | D:2      | Found a stormy altar of Qazlal.
  1564 | D:2      | Found a bloodstained altar of Trog.
  1647 | D:2      | Found a radiant altar of Vehumet.
  1650 | D:2      | Found a basalt altar of Yredelemnul.
  1668 | D:2      | Found a burning altar of Makhleb.
  1690 | D:2      | Found an ornate altar of the Wu Jian Council.
  1706 | D:2      | Reached XP level 4. HP: 25/29 MP: 4/4
  1713 | D:2      | Found a glowing golden altar of the Shining One.
  1940 | D:2      | You fall through a shaft for 2 floors!
  1955 | D:4      | Reached skill level 7 in Stealth
  2060 | D:4      | Reached XP level 5. HP: 11/34 MP: 5/5
  2580 | D:4      | Noticed an ogre
  2596 | D:4      | Killed an ogre
  2596 | D:4      | Reached skill level 8 in Stealth
  2596 | D:4      | Reached XP level 6. HP: 26/41 MP: 6/6
  2729 | D:4      | Noticed Gaball's ghost (amateur DEHu)
  2757 | D:4      | Slain by Gaball's ghost

Vault maps used:
D:1:      nicolae_arrival_washed_ashore, cheibriados_altar_1
D:2:      grunt_temple_overflow_cloverleaf, gammafunk_temple_overflow_statue,
          tso_altar
D:4:      kennysheep_dice

Skill      XL: |  1  2  3  4  5 |
---------------+----------------+-----
Stealth        | 6 7 8 |  8.1
Short Blades   | 3 |  3.8
Dodging        | 2 |  2.3
Fighting       | |  2.6
Throwing       | |  2.1

Action                   |  1- 3 |  4- 6 || total
-------------------------+-------+-------++-------
Melee: Dagger            |    54 |    61 ||   115
       Constrict         |    14 |     4 ||    18
       Tentacles         |    10 |    12 ||    22
 Stab: Sleeping          |     9 |     6 ||    15
  Eat: Chunk             |     2 |     3 ||     5
Armor: Skin              |     7 |     1 ||     8
Dodge: Dodged            |    54 |    20 ||    74

Table legend:
 A = Spawn XP
 B = Non-spawn XP
 C = Spawn XP percentage of total XP
 D = Spawn monster count
 E = Non-spawn monster count
 F = Spawn count percentage of total count
 G = Total turns spent on level
                    A         B        C        D         E        F      G
               +---------+---------+-------+---------+---------+-------+---------
         Total |       0 |     423 |   0.0 |       0 |      40 |   0.0 |  2757
               +---------+---------+-------+---------+---------+-------+---------
           D:1 |       0 |      16 |   0.0 |       0 |       8 |   0.0 |   961
           D:2 |       0 |      69 |   0.0 |       0 |      22 |   0.0 |   979
           D:4 |       0 |     338 |   0.0 |       0 |      10 |   0.0 |   817
               +---------+---------+-------+---------+---------+-------+---------
